 Dungeon Crawl Stone Soup version 0.22-a0-40-g3d2f077 (webtiles) character file.

305400 Faca the Bludgeoner (level 21, -12/140 HPs)
             Began as a Gargoyle Fighter on Jan 4, 2018.
             Was the Champion of Okawaru.
             Killed from afar by Margery (27 damage)
             ... with a bolt of fire
             ... on level 3 of the Vaults on Jan 5, 2018.
             The game lasted 02:24:11 (45071 turns).

Faca the Bludgeoner (Gargoyle Fighter)             Turns: 45071, Time: 02:24:13

Health: -12/140    AC: 53    Str: 25    XL:     21   Next: 13%
Magic:  21/21      EV:  9    Int: 12    God:    Okawaru [******]
Gold:   3564       SH: 30    Dex: 21    Spells: 20/20 levels left

rFire    . . .     SeeInvis +   F - +6 demon whip (venom)
rCold    + . .     Gourm    .   q - +0 large shield
rNeg     + + .     Faith    .   s - +11 scale mail of Vasue {+Fly rPois SInv Stlth+}
rPois    ∞         Spirit   .   y - +1 helmet of Ydol {rC+ rCorr}
rElec    +         Reflect  +   H - +2 cloak {MR+}
rCorr    +         Harm     .   i - +2 pair of gloves {Dex+3}
MR       ++...                  P - +3 pair of boots of the Stallion {Int+2}
Stlth    +.........             Q - +6 amulet of reflection
HPRegen  0.33/turn              M - +5 ring of dexterity
MPRegen  0.17/turn              p - ring of Circularity {+Blink rN+ Slay+4}

@: flying
A: big wings, negative energy resistance 1, electricity resistance, unbreathing,
petrification resistance, rot immunity, AC +16
}: 2/15 runes: decaying, gossamer
a: Stop Flying, Heroism, Finesse, Renounce Religion, Evoke Blink


You were on level 3 of the Vaults.
You worshipped Okawaru.
Okawaru was exalted by your worship.
You were not hungry.

You visited 8 branches of the dungeon, and saw 36 of its levels.
You also visited: Labyrinth and Ice Cave.

You collected 4337 gold pieces.
You spent 773 gold pieces at shops.

Inventory:

Hand Weapons
 z - the +2 demon whip "Hiklu" {pain, MR+ Int+3}
   (Okawaru gifted it to you on level 9 of the Dungeon)

   In the hands of one skilled in necromantic magic, it inflicts extra damage on
   living creatures.
   It affects your intelligence (+3).
   It affects your resistance to hostile enchantments.
 F - a +6 demon whip of venom (weapon)
 N - the +9 morningstar "Jurghin" {speed, rC+ Str+3}
   (You bought it in a shop on level 2 of the Orcish Mines)

   Attacks with this weapon are significantly faster.
   It affects your strength (+3).
   It protects you from cold.
Armour
 h - the +2 hat "Samnodgh" {rN+}
   (Okawaru gifted it to you on level 11 of the Dungeon)

   It protects you from negative energy.
 i - a +2 pair of gloves of dexterity (worn)
 j - a +1 helmet of see invisible
 q - a +0 large shield (worn)
 s - the +11 scale mail of Vasue (worn) {+Fly rPois SInv Stlth+}
   (You found it on level 4 of the Lair of Beasts)

   It protects you from poison.
   It lets you see invisible.
   It lets you fly.
   It makes you more stealthy.
 y - the +1 helmet of Ydol (worn) {rC+ rCorr}
   (Okawaru gifted it to you on level 6 of the Lair of Beasts)

   It protects you from cold.
   It protects you from acid and corrosion.
 H - a +2 cloak of magic resistance (worn)
 P - the +3 pair of boots of the Stallion (worn) {Int+2}
   (Okawaru gifted it to you in an ice cave)

   It affects your intelligence (+2).
Jewellery
 p - the ring of Circularity (right hand) {+Blink rN+ Slay+4}
   (You acquired it on level 5 of the Dungeon)

   [ring of slaying]

   It affects your accuracy and damage with ranged weapons and melee attacks
   (+4).
   It protects you from negative energy.
   It lets you blink.
 w - an uncursed ring of protection from magic
 A - an uncursed ring of protection from fire
 M - a +5 ring of dexterity (left hand)
 Q - a +6 amulet of reflection (around neck)
Wands
 b - a wand of iceblast (28)
 m - a wand of acid (6)
 v - a wand of clouds (16)
 K - a wand of digging (33)
Scrolls
 c - a scroll of enchant armour
 l - 4 scrolls of magic mapping
 o - 13 scrolls of remove curse
 x - 11 scrolls of teleportation
 B - 2 scrolls of fear
 C - 3 scrolls of immolation
 G - a scroll of summoning
 J - 2 scrolls of blinking
 R - 2 scrolls of fog
 T - a scroll of holy word {unknown}
Potions
 d - 2 potions of might
 e - 5 potions of heal wounds
 g - 13 potions of curing
 k - 3 potions of agility
 r - 4 potions of brilliance
 t - a potion of berserk rage
 u - a potion of cancellation
 D - 4 potions of mutation
 E - 4 potions of ambrosia
 I - 2 potions of haste
 L - 3 potions of invisibility
 S - 2 potions of resistance
Comestibles
 a - 2 chunks of flesh
 f - 17 rations


   Skills:
 + Level 17.9 Fighting
 * Level 20.9 Maces & Flails
 + Level 17.6 Armour
 + Level 19.7 Shields
 - Level 1.2 Invocations


You had 20 spell levels left.
You didn't know any spells.

Dungeon Overview and Level Annotations

Branches:
Dungeon (15/15)            Temple (1/1) D:7            Lair (6/6) D:11
  Swamp (4/4) Lair:4       Spider (4/4) Lair:4        Slime (0/5) Lair:6
    Orc (2/2) D:10            Elf (0/3) Orc:2        Vaults (3/5) D:14
 Depths (1/5) D:15
  Crypt: Vaults:2-3

Altars:
Ashenzari
Cheibriados
Dithmenos
Elyvilon
Fedhas
Gozag
Hepliaklqana
Kikubaaqudgha
Makhleb
Nemelex Xobeh
Okawaru
Qazlal
Ru
Sif Muna
Trog
Uskayaw
Vehumet
Wu Jian
Xom
Yredelemnul
Zin
The Shining One

Shops:
D:13 :   D:15 !   Orc:2 !!?(:   Vaults:2 *   Vaults:3 [

Annotations:
Lair:5 exclusion: oklob plant
Vaults:3 Margery


Innate Abilities, Weirdness & Mutations

You are resistant to torment.
Your stone body is resilient. (AC +16)
You are immune to poison.
Your large and strong wings let you fly indefinitely.
You resist negative energy. (rN+)
You are resistant to electric shocks. (rElec)
You can survive without breathing.
You are immune to petrification.
You are immune to rotting.


Message History

Margery is severely wounded.
A necromancer comes into view. It is wielding a dagger.
You closely miss Margery.
Margery is severely wounded.
You block Margery's attack.
A hell knight comes into view. It is wielding a scimitar of draining.
You whack Margery!
Margery is severely wounded.
Margery gestures at you while chanting.
The fireball explodes!
The fireball engulfs you!
* * * LOW HITPOINT WARNING * * *
The fireball engulfs Margery.
Margery resists.
A hell knight comes into view. It is wielding a glaive of flaming.
The necromancer mumbles some strange words.
The necromancer binds the souls of nearby monsters.
The hell knight mumbles some strange words.
The hell knight seems to speed up.
Margery gestures at you while chanting. The bolt of fire hits you!
You die...

#....# #....# #....#
#########....#
#.......'....#
#.##.##.#....#
#.#.#.#.#....# #..#
#))))...#
#.#.#.#)#@...#
#.##.##.#....#
#.......#@...#
################p...#
..........@.....p...#
...............p....#
#####################


You could see Margery, 2 hell knights and a necromancer.

Vanquished Creatures
  Frederick (Vaults:3)
  Bai Suzhen (Swamp:3)
  Xtahua (Vaults:3)
  Arachne (Spider:4)
  A tentacled monstrosity (Swamp:4)
  Asterion (Spider:3)
  An Ice Fiend (IceCv)
  2 thorn hunters (Swamp:4)
  Kirke (Spider:3)
  Roxanne (Spider:4)
  2 tengu reavers (Vaults:3)
  A deep elf sorcerer (Vaults:2)
  10 vault wardens
  An orc warlord (Orc:1)
  4 ghost moths
  A frost giant (Vaults:3)
  10 ironheart preservers
  5 stone giants
  6 emperor scorpions
  5 entropy weavers
  2 very ugly things
  Nessos (D:13)
  2 deep elf demonologists
  A dire elephant (Lair:6)
  A deep elf annihilator (Vaults:3)
  2 spark wasps
  3 deep elf death magi
  4 fire dragons
  A minotaur (Lab)
  22 hydras
  6 yaktaur captains
  2 great orbs of eyes
  6 vault guards
  2 ice dragons (Vaults:3)
  A death knight (Vaults:3)
  3 ghost crabs
  20 two-headed ogres
  A merfolk avatar (Lair:6)
  2 dancing weapons (D:14)
  5 centaur warriors
  9 alligators
  8 ogre magi
  4 deep troll shamans
  A tengu warrior (D:13)
  3 orc high priests (Orc:2)
  A vampire mage (Vaults:3)
  A queen ant (D:11)
  Sonja (Orc:2)
  3 deep troll earth magi (Vaults:3)
  A spriggan berserker (Swamp:4)
  16 deep elf knights
  Nergalle (Lair:4)
  2 fire crabs (shapeshifter)
  7 deep trolls
  A glowing orange brain (Vaults:2)
  2 hell knights (Vaults:3)
  A wizard (Vaults:1)
  4 spriggan druids
  3 unseen horrors
  15 swamp dragons
  14 ironbrand convokers
  14 orc knights
  3 shambling mangroves
  3 deep elf archers (Vaults:1)
  2 necromancers
  A stone giant zombie (Vaults:2)
  23 wolf spiders
  19 orb spiders
  2 human zombies (Vaults:2)
  15 deep elf magi
  3 orc sorcerers (Orc:2)
  Joseph (D:9)
  11 ugly things
  11 cyclopes
  3 manticores
  9 elephants
  An ice statue (IceCv)
  2 moths of wrath (Spider:2)
  Maurice (D:10)
  5 torpor snails
  11 vault sentinels
  A gargoyle (D:11)
  6 black mambas
  12 spiny frogs
  29 yaktaurs
  The ghost of handsome the Insei, a novice OpMo (D:5)
  6 freezing wraiths
  4 anaconda simulacra (IceCv)
  A rime drake (Lair:6)
  4 ice devils (IceCv)
  A golden dragon simulacrum (IceCv)
  A tengu conjurer (D:13)
  12 komodo dragons
  17 demonic crawlers
  A polar bear (Lair:6)
  A meliai (D:14)
  9 trolls
  A wolf spider simulacrum (IceCv)
  36 jumping spiders
  A wind drake (Lair:6)
  A queen bee (D:10)
  2 tyrant leeches (Swamp:4)
  7 bog bodies
  26 hornets
  28 slime creatures
  A fire giant simulacrum (Vaults:2)
  8 hippogriffs
  6 blink frogs
  A snapping turtle (shapeshifter) (Vaults:2)
  26 tarantellas
  4 shadows
  A wraith (Vaults:3)
  74 redbacks
  34 yaks
  10 spriggans
  A tarantella (shapeshifter) (Vaults:1)
  10 wyverns
  3 dire elephant simulacra (IceCv)
  A fire bat (shapeshifter) (Vaults:1)
  A basilisk (Lair:2)
  3 death yak simulacra (IceCv)
  A golden eye (shapeshifter) (D:15)
  Eustachio (D:6)
  A steam dragon (D:8)
  4 hungry ghosts
  30 vampire mosquitoes
  2 iron troll simulacra (IceCv)
  4 harpy simulacra (IceCv)
  24 soldier ants
  29 swamp worms
  3 wargs
  7 insubstantial wisps
  14 water moccasins
  An acid dragon (D:12)
  A hydra simulacrum (IceCv)
  8 porcupines
  A hornet zombie (D:14)
  16 swamp drakes
  2 black bears
  8 ice beasts
  A phantom (D:14)
  32 orc warriors
  2 eyes of draining (D:5)
  13 centaurs
  A necrophage (D:11)
  8 boggarts (Vaults:1)
  3 wolves (Lair:3)
  24 ogres
  12 crocodiles
  A crocodile (shapeshifter) (Vaults:1)
  2 big kobolds
  26 bullfrogs
  A gnoll sergeant (D:10)
  6 jellies
  4 scorpions
  A swamp dragon simulacrum (IceCv)
  26 killer bees
  5 howler monkeys
  4 wights (D:6)
  5 electric eels
  6 crimson imps
  6 draconian simulacra (IceCv)
  A quasit (D:9)
  7 hounds
  2 human simulacra (Vaults:2)
  A bullfrog zombie (D:5)
  2 centaur zombies (D:8)
  24 orc wizards
  Crazy Yiuf (D:7)
  3 bullfrog skeletons
  23 orc priests
  5 centaur skeletons
  6 iguanas
  30 worker ants
  5 hell rats (Lair:5)
  6 troll simulacra (IceCv)
  2 killer bee zombies
  A centaur simulacrum (IceCv)
  4 gnolls (D:10)
  8 adders
  A naga simulacrum (IceCv)
  2 ogre simulacra (IceCv)
  3 shadow imps
  5 white imps (IceCv)
  5 ufetubi (IceCv)
  An ooze (D:3)
  An adder skeleton (D:7)
  11 worms
  2 dart slugs
  8 leopard geckos
  81 orcs
  4 bat skeletons (D:6)
  3 bat zombies (D:6)
  5 giant cockroaches
  7 hobgoblins
  4 quokkas
  2 ball pythons
  6 bats
  4 frilled lizards
  7 goblins
  A jackal zombie (D:5)
  15 kobolds
  A quokka skeleton (D:5)
  4 rats
  2 crawling corpses (Vaults:2)
1435 creatures vanquished.

Vanquished Creatures (others)
  A yaktaur captain (Vaults:3)
  2 deep elf archers (Vaults:2)
  A deep elf mage (Vaults:1)
  A spiny frog (Swamp:3)
  5 yaktaurs
  A jumping spider (Spider:1)
  3 hornets
  A blink frog (Swamp:4)
  A redback (Spider:4)
  A tarantella (Spider:4)
  A human (Spider:4)
  3 spriggans
  An insubstantial wisp (Swamp:1)
  4 white imps (IceCv)
  15 fungi
  22 plants
63 creatures vanquished.

Grand Total: 1498 creatures vanquished

Notes
Turn   | Place    | Note
-------+----------+-------------------------------------------
     0 | D:1      | Faca the Gargoyle Fighter began the quest for the Orb.
     0 | D:1      | Reached XP level 1. HP: 14/14 MP: 1/1
   138 | D:1      | Reached XP level 2. HP: 19/19 MP: 2/2
   891 | D:2      | Reached XP level 3. HP: 23/23 MP: 3/3
  1169 | D:2      | Reached XP level 4. HP: 29/29 MP: 4/4
  1353 | D:3      | Reached skill level 3 in Maces & Flails
  1494 | D:3      | Reached XP level 5. HP: 23/33 MP: 5/5
  1608 | D:3      | Found a blossoming altar of Fedhas.
  1639 | D:3      | Found a shattered altar of Ashenzari.
  1956 | D:3      | Found a faded altar of an unknown god.
  2317 | D:4      | Reached XP level 6. HP: 25/38 MP: 6/6
  2554 | D:4      | Reached skill level 4 in Maces & Flails
  2972 | D:4      | Found an iron altar of Okawaru.
  2981 | D:4      | Became a worshipper of Warmaster Okawaru
  3127 | D:4      | Reached skill level 5 in Shields
  3411 | D:5      | Entered Level 5 of the Dungeon
  3421 | D:5      | Reached XP level 7. HP: 42/44 MP: 7/7
  3453 | D:5      | Reached skill level 5 in Maces & Flails
  3776 | D:5      | Reached skill level 5 in Armour
  3881 | D:5      | Noticed handsome's ghost (novice OpMo)
  3929 | D:5      | Killed handsome's ghost
  3929 | D:5      | Reached * piety under Okawaru
  3929 | D:5      | Reached skill level 6 in Maces & Flails
  3929 | D:5      | Reached XP level 8. HP: 38/48 MP: 8/8
  4033 | D:5      | Found a basalt altar of Yredelemnul.
  4039 | D:5      | Reached skill level 5 in Fighting
  4057 | D:5      | Identified a scroll of acquirement
  4058 | D:5      | Got a brightly glowing pewter ring
  4059 | D:5      | Identified the ring of Circularity {+Blink rN+ Slay+4} (You acquired it on level 5 of the Dungeon)
  4158 | D:5      | Found a bloodstained altar of Trog.
  4163 | D:5      | Reached ** piety under Okawaru
  4381 | D:5      | Reached skill level 7 in Maces & Flails
  4704 | D:5      | Found a burning altar of Makhleb.
  4704 | D:5      | Noticed an Executioner
  4707 | D:5      | Noticed an orange demon
  4707 | D:5      | Noticed a ynoxinul
  5098 | D:6      | Found an ancient bone altar of Kikubaaqudgha.
  5201 | D:6      | Found a hazy altar of Hepliaklqana.
  5261 | D:6      | Reached XP level 9. HP: 51/55 MP: 9/9
  5273 | D:6      | Noticed Eustachio
  5284 | D:6      | Killed Eustachio
  5284 | D:6      | Reached *** piety under Okawaru
  5284 | D:6      | Reached skill level 8 in Maces & Flails
  5635 | D:6      | Found a shimmering altar of Xom.
  5753 | D:7      | Reached **** piety under Okawaru
  5776 | D:7      | Reached skill level 9 in Maces & Flails
  5975 | D:7      | Found a staircase to the Ecumenical Temple.
  6231 | D:7      | Found a runed door.
  6235 | D:7      | Noticed Crazy Yiuf
  6241 | D:7      | Killed Crazy Yiuf
  6378 | Temple   | Entered the Ecumenical Temple
  6678 | D:8      | Noticed a two-headed ogre
  6694 | D:8      | Killed a two-headed ogre
  6694 | D:8      | Reached XP level 10. HP: 29/61 MP: 10/10
  6916 | D:8      | Reached skill level 10 in Maces & Flails
  7106 | D:8      | Noticed a two-headed ogre
  7201 | D:7      | Killed a two-headed ogre
  7201 | D:7      | Reached ***** piety under Okawaru
  7201 | D:7      | Received a gift from Okawaru
  8092 | D:9      | Noticed Joseph
  8136 | D:9      | Killed Joseph
  8499 | D:9      | Received a gift from Okawaru
  8500 | D:9      | Got a translucent demon whip {god gift}
  8501 | D:9      | Identified the +2 demon whip "Hiklu" {pain, MR+ Int+3} (Okawaru gifted it to you on level 9 of the Dungeon)
  8548 | D:9      | Reached skill level 11 in Maces & Flails
  8821 | D:9      | Reached XP level 11. HP: 62/68 MP: 11/11
  9302 | D:10     | Entered Level 10 of the Dungeon
  9421 | D:10     | Noticed a two-headed ogre
  9440 | D:10     | Killed a two-headed ogre
  9637 | D:10     | Noticed a two-headed ogre
  9648 | D:10     | Killed a two-headed ogre
 10078 | D:10     | Reached skill level 12 in Maces & Flails
 10336 | D:10     | Received a gift from Okawaru
 10399 | D:10     | Reached skill level 10 in Shields
 10606 | D:10     | Noticed Maurice
 10616 | D:10     | Paralysed by Maurice for 7 turns
 10634 | D:10     | Killed Maurice
 10696 | D:10     | Found a staircase to the Orcish Mines.
 11239 | D:11     | Reached XP level 12. HP: 53/76 MP: 12/12
 11376 | D:11     | Noticed a two-headed ogre
 11388 | D:11     | Killed a two-headed ogre
 11388 | D:11     | Received a gift from Okawaru
 11395 | D:11     | Got a faintly humming hat {god gift}
 11401 | D:11     | Identified the +2 hat "Samnodgh" {rN+} (Okawaru gifted it to you on level 11 of the Dungeon)
 11446 | D:11     | Found a staircase to the Lair.
 11575 | D:11     | Noticed a seven-headed hydra
 11592 | D:11     | Killed a seven-headed hydra
 11928 | D:12     | Noticed a two-headed ogre
 11935 | D:12     | Killed a two-headed ogre
 12109 | D:12     | Noticed an entropy weaver
 12109 | D:12     | Noticed a queen ant
 12200 | D:11     | Killed an entropy weaver
 12200 | D:11     | Reached skill level 10 in Armour
 12209 | D:11     | Killed a queen ant
 12471 | D:12     | Noticed an entropy weaver
 12569 | D:11     | Killed an entropy weaver
 12569 | D:11     | Reached skill level 10 in Fighting
 12812 | D:12     | Reached ****** piety under Okawaru
 13117 | D:12     | Reached XP level 13. HP: 81/83 MP: 13/13
 13757 | Lair:1   | Entered Level 1 of the Lair of Beasts
 13770 | Lair:1   | Received a gift from Okawaru
 14737 | Lair:2   | Found a labyrinth entrance.
 14778 | Lab      | Entered a labyrinth
 15217 | Lab      | Noticed a minotaur
 15232 | Lab      | Killed a minotaur
 15240 | Lab      | Identified Apno Vukke's Incunabulum of Boosts and Ignition
 15979 | Lair:3   | Reached skill level 13 in Maces & Flails
 16034 | Lair:3   | Reached skill level 1 in Invocations
 16633 | Lair:3   | Received a gift from Okawaru
 16694 | Lair:4   | Found a hole to the Spider Nest.
 16766 | Lair:4   | Got an amethyst-studded scale mail
 16777 | Lair:4   | Identified the +11 scale mail of Vasue {+Fly rPois SInv Stlth+} (You found it on level 4 of the Lair of Beasts)
 16916 | Lair:4   | Noticed Nergalle
 16940 | Lair:4   | Killed Nergalle
 17190 | Lair:4   | Found a staircase to the Swamp.
 17681 | Lair:5   | Gained mutation: Your large and strong wings let you fly indefinitely. [Gargoyle growth]
 17681 | Lair:5   | Reached XP level 14. HP: 71/91 MP: 14/14
 18614 | Lair:6   | Entered Level 6 of the Lair of Beasts
 18824 | Lair:6   | Received a gift from Okawaru
 18898 | Lair:6   | Reached skill level 15 in Shields
 19785 | Lair:6   | Found a staircase to the Slime Pits.
 20065 | Lair:6   | Received a gift from Okawaru
 20185 | Lair:6   | Noticed a dire elephant
 20198 | Lair:6   | Killed a dire elephant
 20307 | Lair:6   | Received a gift from Okawaru
 20308 | Lair:6   | Got a faintly glowing helmet {god gift}
 20319 | Lair:6   | Identified the +1 helmet of Ydol {rC+ rCorr} (Okawaru gifted it to you on level 6 of the Lair of Beasts)
 20564 | Orc:1    | Entered Level 1 of the Orcish Mines
 21033 | Orc:2    | Entered Level 2 of the Orcish Mines
 21033 | Orc:2    | Found Heuv Wuy's Distillery.
 21128 | Orc:2    | Noticed an orc warlord
 21289 | Orc:1    | Killed an orc warlord
 21444 | Orc:2    | Noticed Sonja
 21820 | Orc:2    | Found a staircase to the Elven Halls.
 22090 | Orc:2    | Killed Sonja
 22193 | Orc:2    | Paralysed by an orc sorcerer for 5 turns
 22201 | Orc:2    | Reached XP level 15. HP: 97/97 MP: 15/15
 22384 | Orc:2    | Found Obreobb's Book Boutique.
 22384 | Orc:2    | Found Qibal's Weapon Shoppe.
 22390 | Orc:2    | Found Cucsuept's Magic Scroll Boutique.
 22390 | Orc:2    | Found Ruczeat's Distillery.
 22402 | Orc:2    | Bought the +9 morningstar "Jurghin" {speed, rC+ Str+3} for 773 gold pieces
 22743 | D:13     | Found Yhanutio's Book Boutique.
 22850 | D:13     | Noticed Nessos
 22892 | D:13     | Killed Nessos
 23041 | D:13     | Reached skill level 14 in Maces & Flails
 23428 | D:13     | Received a gift from Okawaru
 23817 | D:14     | Found a gate to the Vaults.
 24543 | D:15     | Entered Level 15 of the Dungeon
 24801 | D:15     | Found an iron altar of Okawaru.
 25275 | D:15     | Found Veelotuu's Distillery.
 25525 | D:15     | Found a staircase to the Depths.
 25949 | Spider:1 | Entered Level 1 of the Spider Nest
 25986 | Lair:4   | Received a gift from Okawaru
 26196 | Spider:1 | Noticed a ghost moth
 26221 | Lair:4   | Killed a ghost moth
 26475 | Spider:1 | Found a frozen archway.
 26498 | Spider:1 | Reached XP level 16. HP: 102/104 MP: 16/16
 26501 | Spider:1 | Reached skill level 15 in Maces & Flails
 26523 | IceCv    | Entered an ice cave
 27113 | IceCv    | Received a gift from Okawaru
 27114 | IceCv    | Got a pair of slimy boots {god gift}
 27307 | IceCv    | Identified the +3 pair of boots of the Stallion {Int+2} (Okawaru gifted it to you in an ice cave)
 27387 | IceCv    | Noticed an Ice Fiend
 27430 | IceCv    | Killed an Ice Fiend
 29409 | Spider:3 | Reached skill level 16 in Maces & Flails
 29498 | Spider:3 | Received a gift from Okawaru
 29553 | Spider:3 | Noticed Asterion
 29595 | Spider:3 | Killed Asterion
 30147 | Spider:3 | Reached XP level 17. HP: 112/112 MP: 17/17
 31040 | Spider:4 | Entered Level 4 of the Spider Nest
 31046 | Spider:4 | Noticed Arachne
 31089 | Spider:4 | Killed Arachne
 31266 | Spider:4 | Noticed Roxanne
 31694 | Spider:4 | Received a gift from Okawaru
 31844 | Spider:4 | Noticed Kirke
 31865 | Spider:3 | Killed Kirke
 32013 | Spider:4 | Killed Roxanne
 32445 | Spider:3 | Reached skill level 15 in Fighting
 32596 | Spider:3 | Reached skill level 17 in Maces & Flails
 33007 | Spider:4 | Got a gossamer rune of Zot
 33337 | Swamp:1  | Entered Level 1 of the Swamp
 33637 | Swamp:1  | Received a gift from Okawaru
 35043 | Swamp:3  | Reached XP level 18. HP: 115/119 MP: 18/18
 35159 | Swamp:3  | Reached skill level 15 in Armour
 35701 | Swamp:3  | Noticed Bai Suzhen
 35766 | Swamp:3  | Killed Bai Suzhen
 36128 | Swamp:4  | Entered Level 4 of the Swamp
 36545 | Swamp:4  | Noticed a tentacled monstrosity
 36798 | Swamp:4  | Reached skill level 18 in Maces & Flails
 36990 | Swamp:4  | Received a gift from Okawaru
 37055 | Swamp:4  | Got a decaying rune of Zot
 37224 | Swamp:4  | Killed a tentacled monstrosity
 37838 | Depths:1 | Entered Level 1 of the Depths
 38170 | Vaults:1 | Entered Level 1 of the Vaults
 38408 | Vaults:1 | Reached XP level 19. HP: 125/125 MP: 19/19
 39071 | Vaults:1 | Reached skill level 19 in Maces & Flails
 39090 | Vaults:1 | Received a gift from Okawaru
 40721 | Vaults:2 | Received a gift from Okawaru
 40966 | Vaults:2 | Got a scorched chain mail
 40977 | Vaults:2 | Identified the +1 chain mail of the Tick {+Inv rN+ Str+3} (You found it on level 2 of the Vaults)
 41103 | Vaults:2 | Reached XP level 20. HP: 124/134 MP: 20/20
 41266 | Vaults:2 | Reached skill level 20 in Maces & Flails
 41369 | Vaults:2 | Found Gibym's General Store.
 42596 | Vaults:3 | Received a gift from Okawaru
 42720 | Vaults:3 | Got a pair of ichor-stained gloves {god gift}
 42983 | Vaults:2 | Identified the +3 pair of gloves "Epsoas" {Int+4} (Okawaru gifted it to you on level 3 of the Vaults)
 43697 | Vaults:3 | Noticed Frederick
 43756 | Vaults:3 | Killed Frederick
 43756 | Vaults:3 | Received a gift from Okawaru
 43973 | Vaults:3 | Found Toila's Antique Armour Emporium.
 44418 | Vaults:3 | Noticed Xtahua
 44418 | Vaults:3 | Paralysed by Xtahua for 4 turns
 44445 | Vaults:3 | Paralysed by Xtahua for 7 turns
 44456 | Vaults:3 | Killed Xtahua
 44456 | Vaults:3 | Reached XP level 21. HP: 51/140 MP: 21/21
 45036 | Vaults:3 | Noticed Margery
 45071 | Vaults:3 | Killed from afar by Margery

Vault maps used:
D:1:      shiori_arrival_oz
D:3:      overflow_temple_1_default, fedhas_altar_1,
          chequers_ecumenical_altar_grove
D:4:      okawaru_gym_becter, first_ration, kennysheep_another_room
D:5:      trog_eyes_of_draining, makhleb_altar_promises_db, old_standard_altar
D:6:      kennysheep_vampire_church, lemuel_crystal_altar, serial_bayou_pond_b,
          brannock_xom_greatest_gift, uniq_eustachio
D:7:      minmay_temple_entry_statues, uniq_crazy_yiuf_cottage
D:9:      uniq_joseph
D:10:     orc_0_dummy, david_nohive_1, uniq_maurice
D:11:     grunt_lair_entry_orc_guard_hut
D:12:     minivault_29
D:13:     serial_shops, nicolae_shop_waterfront, uniq_nessos
D:14:     erik_vaults_1, eino_jars
D:15:     grunt_enter_depths_snipers, basic_altar, serial_shops,
          nicolae_shop_trees, nrook_loot_triangle
Temple:   eino_temple_water
Lair:1:   serial_bayou_shore_a
Lair:2:   lab_entry_generic
Lair:3:   infiniplex_staircase_pool, lemuel_fruit_tree
Lair:4:   minmay_swamp_entry_swarm, spider_nest_entry_a, st_stairs_10,
          minmay_holes, minivault_24, grunt_megastairs_1, uniq_nergalle
Lair:5:   serial_bayou_shore_b
Lair:6:   gammafunk_lair_ancient_temple, slime_dummy, serial_bayou_pond_e
Swamp:1:  evilmike_swamp_ruin_house_5
Swamp:2:  hangedman_swamp_lotus
Swamp:3:  evilmike_swamp_ruin_rubble_2, swamp_pool1, uniq_bai_suzhen
Swamp:4:  swamp_basic_johnstein
Spider:1: portal_ice_cave_entry_pillars_three
Spider:2: nicolae_spider_cling_ruins
Spider:3: uniq_asterion
Spider:4: guppyfry_spider_rune, worms_lemuel, uniq_roxanne, uniq_arachne,
          uniq_kirke
Orc:2:    grunt_orc_tribal_feast, serial_shops, shop, abandoned_shop, uniq_sonja
Vaults:1: nicolae_vaults_diagonal_hallway_6, nicolae_vaults_network_square,
          v_rooms_4, v_alt_pattern_1, hangedman_vaults_impose, v_misc_18,
          nicolae_vaults_mini_display_case, vaults_room_pool,
          ontoclasm_vaults_water_temple, vaults_room_semicircle,
          ontoclasm_vaults_chip, nicolae_vaults_border_crossing, v_misc_19
Vaults:2: hangedman_vaults_variations, hangedman_vaults_nodes,
          nicolae_vaults_bisected_exclaves, v_misc_10, nicolae_vaults_rhombus_5,
          hangedman_vaults_stitches, v_pattern_2, nicolae_vaults_angled_halls,
          v_misc_8, vaults_mumra_chevron_long, nicolae_vaults_angled_halls,
          st_more_cells, serial_shops, nicolae_shop_stone
Vaults:3: vaults_dpeg_ring, minmay_crypt_entry_simple_box, vaults_room_pool,
          vaults_mumra_hex, vaults_room_grid, nicolae_vaults_specimen_jars,
          st_cells, nicolae_vaults_little_squares_6, serial_shops, shop_statue,
          uniq_margery, uniq_mennas, uniq_frederick, uniq_xtahua
Depths:1: enter_ziggurat_e, hell_entry, minislime_mu
Lab:      nicolae_lab_dead_adventurers, labyrinth_glass_2,
          nicolae_lab_flowing_pool, nicolae_lab_grate_2, nicolae_lab_plus,
          nicolae_lab_very_dead_end, nicolae_lab_garden, nicolae_lab_x,
          labyrinth_skeletal_remains
IceCv:    ice_cave_caverns_02

Skill      XL: |  1  2  3  4  5  6  7  8  9 10 11 12 13 14 15 16 17 18 19 20 |
---------------+-------------------------------------------------------------+-----
Maces & Flails | 3 4 6 7 9 11 12 13 14 16 17 18 19 20 | 20.9
Shields        | 4 5 6 8 10 12 14 16 17 18 19 | 19.7
Fighting       | 4 5 6 7 9 10 11 12 13 14 15 16 17 | 17.9
Armour         | 4 5 7 8 9 10 11 12 13 14 15 16 17 | 17.6
Invocations    | 1 |  1.2

Action                   |  1- 3 |  4- 6 |  7- 9 | 10-12 | 13-15 | 16-18 | 19-21 || total
-------------------------+-------+-------+-------+-------+-------+-------+-------++-------
Melee: Flail             |   140 |   160 |   325 |   162 |       |       |       ||   787
       Demon whip        |       |       |       |    26 |   408 |  2003 |  1358 ||  3795
       Whip              |       |       |       |   829 |  1462 |       |       ||  2291
       Morningstar       |       |       |       |     1 |       |   199 |       ||   200
Invok: Heroism           |       |       |       |     3 |     2 |       |       ||     5
 Abil: Fly               |       |       |       |       |     1 |     3 |       ||     4
       Stop Flying       |       |       |       |       |     1 |     2 |       ||     3
  Use: Scroll            |     3 |     8 |     4 |     8 |    10 |    12 |     2 ||    47
       Potion            |       |       |       |     2 |       |     2 |       ||     4
 Stab: Held in net/web   |       |       |       |       |       |     2 |       ||     2
       Distracted        |       |       |       |       |       |     1 |     2 ||     3
       Confused          |       |       |       |       |       |     3 |       ||     3
       Sleeping          |       |       |       |       |       |     1 |     1 ||     2
  Eat: Chunk             |     1 |       |     2 |     7 |     4 |     1 |     6 ||    21
       Ration            |       |     3 |     2 |     6 |    12 |    11 |     5 ||    39
Armor: Scale mail        |    76 |    31 |       |       |   483 |   841 |   265 ||  1696
       Chain mail        |       |    78 |   190 |       |       |       |       ||   268
       Plate armour      |       |       |     2 |   438 |   128 |       |       ||   568
Dodge: Dodged            |    53 |    27 |    72 |   143 |   338 |   441 |   118 ||  1192
Block: Shield            |    84 |    78 |   169 |   511 |   995 |  1715 |   308 ||  3860
       Reflection        |       |       |       |       |       |    14 |   101 ||   115
       Large shield      |       |       |       |       |       |       |   720 ||   720

Table legend:
 A = Spawn XP
 B = Non-spawn XP
 C = Spawn XP percentage of total XP
 D = Spawn monster count
 E = Non-spawn monster count
 F = Spawn count percentage of total count
 G = Total turns spent on level
                    A         B        C        D         E        F      G
               +---------+---------+-------+---------+---------+-------+---------
         Total |       0 |  506001 |   0.0 |       0 |    1447 |   0.0 | 45071
               +---------+---------+-------+---------+---------+-------+---------
           D:1 |       0 |      30 |   0.0 |       0 |      18 |   0.0 |   856
           D:2 |       0 |      58 |   0.0 |       0 |      16 |   0.0 |   492
           D:3 |       0 |     139 |   0.0 |       0 |      20 |   0.0 |   709
           D:4 |       0 |     385 |   0.0 |       0 |      14 |   0.0 |  1354
           D:5 |       0 |    1266 |   0.0 |       0 |      27 |   0.0 |  1415
           D:6 |       0 |    1175 |   0.0 |       0 |      31 |   0.0 |   874
           D:7 |       0 |    2018 |   0.0 |       0 |      16 |   0.0 |   861
           D:8 |       0 |    2229 |   0.0 |       0 |      20 |   0.0 |  1280
           D:9 |       0 |    2234 |   0.0 |       0 |      28 |   0.0 |  1241
          D:10 |       0 |    6800 |   0.0 |       0 |      65 |   0.0 |  1649
          D:11 |       0 |   10455 |   0.0 |       0 |      47 |   0.0 |  1702
          D:12 |       0 |    7553 |   0.0 |       0 |      59 |   0.0 |  1425
          D:13 |       0 |    7943 |   0.0 |       0 |      25 |   0.0 |   993
          D:14 |       0 |   10326 |   0.0 |       0 |      42 |   0.0 |   953
          D:15 |       0 |   13004 |   0.0 |       0 |      31 |   0.0 |  1589
        Lair:1 |       0 |    2714 |   0.0 |       0 |      16 |   0.0 |   984
        Lair:2 |       0 |    4348 |   0.0 |       0 |      17 |   0.0 |   855
        Lair:3 |       0 |    6160 |   0.0 |       0 |      25 |   0.0 |   809
        Lair:4 |       0 |    7412 |   0.0 |       0 |      25 |   0.0 |  1335
        Lair:5 |       0 |    6786 |   0.0 |       0 |      20 |   0.0 |  1421
        Lair:6 |       0 |   16937 |   0.0 |       0 |      48 |   0.0 |  1449
       Swamp:1 |       0 |   11465 |   0.0 |       0 |      39 |   0.0 |  1114
       Swamp:2 |       0 |    2686 |   0.0 |       0 |      11 |   0.0 |   623
       Swamp:3 |       0 |   18701 |   0.0 |       0 |      31 |   0.0 |  1155
       Swamp:4 |       0 |   39951 |   0.0 |       0 |      75 |   0.0 |  1372
      Spider:1 |       0 |   20341 |   0.0 |       0 |      60 |   0.0 |   672
      Spider:2 |       0 |   14928 |   0.0 |       0 |      44 |   0.0 |  1270
      Spider:3 |       0 |   26361 |   0.0 |       0 |      56 |   0.0 |  2339
      Spider:4 |       0 |   35153 |   0.0 |       0 |      80 |   0.0 |  1555
         Orc:1 |       0 |    3050 |   0.0 |       0 |      19 |   0.0 |   620
         Orc:2 |       0 |   10596 |   0.0 |       0 |      60 |   0.0 |  1381
      Vaults:1 |       0 |   56106 |   0.0 |       0 |     114 |   0.0 |  2410
      Vaults:2 |       0 |   60443 |   0.0 |       0 |      88 |   0.0 |  2229
      Vaults:3 |       0 |   82532 |   0.0 |       0 |      97 |   0.0 |  2262
      Depths:1 |       0 |    1000 |   0.0 |       0 |       1 |   0.0 |    15
           Lab |       0 |    2315 |   0.0 |       0 |       7 |   0.0 |   469
         IceCv |       0 |   10401 |   0.0 |       0 |      55 |   0.0 |  1119
               +---------+---------+-------+---------+---------+-------+---------
